 Dungeon Crawl Stone Soup version 0.23-a0-650-ga4d50d4 (webtiles) character file.

360 Borgoz the Cutter (level 6, -1/40 HPs)
             Began as a Kobold Berserker on Jan 2, 2019.
             Was a Believer of Trog.
             Slain by a gnoll
             ... wielding a +0 whip
              (8 damage)
             ... on level 4 of the Dungeon.
             The game lasted 00:14:39 (3252 turns).

Borgoz the Cutter (Kobold Berserker)                Turns: 3252, Time: 00:14:39

Health: -1/40      AC:  2    Str: 14    XL:     6   Next: 98%
Magic:  15/15      EV: 17    Int:  9    God:    Trog [**....]
Gold:   179        SH:  0    Dex: 16    Spells: 5/5 levels left

rFire    . . .     SeeInvis .   a - +3 dagger
rCold    . . .     Gourm    .   (shield restricted)
rNeg     . . .     Faith    .   b - +0 animal skin
rPois    .         Spirit   .   (no helmet)
rElec    .         Reflect  .   (no cloak)
rCorr    .         Harm     .   (no gloves)
MR       .....                  (no boots)
Stlth    ++........             (no amulet)
HPRegen  0.13/turn              k - ring of magical power
MPRegen  0.14/turn              (no ring)

@: no status effects
A: small, carnivore
a: Berserk, Trog's Hand, Renounce Religion


You were on level 4 of the Dungeon.
You worshipped Trog.
Trog was pleased with you.
You were not hungry.

You visited 1 branch of the dungeon, and saw 4 of its levels.

You collected 179 gold pieces.

Inventory:

Hand Weapons
 a - a +3 dagger (weapon)
 g - a +0 short sword
 p - a +3 dagger of electrocution
Armour
 b - a +0 animal skin (worn)
Jewellery
 k - a ring of magical power (left hand)
Scrolls
 e - 3 scrolls of teleportation
 f - a scroll of fog {unknown}
 h - a scroll of immolation {unknown}
 j - 3 scrolls of identify {unknown}
 r - a scroll of blinking {unknown}
 s - a scroll of amnesia {unknown}
 u - 3 scrolls of enchant armour {unknown}
Potions
 d - 4 potions of curing
Comestibles
 c - 9 rations
 i - 5 chunks of flesh


   Skills:
 + Level 4.9 Fighting
 + Level 6.6 Short Blades
 + Level 1.8 Armour
 + Level 4.5 Dodging
 + Level 2.3 Stealth


You had 5 spell levels left.
You didn't know any spells.
Your spell library was empty.

Dungeon Overview and Level Annotations

Branches:
Dungeon (4/15)             Temple (0/1) D:4

Altars:
Dithmenos
Elyvilon
Kikubaaqudgha
Makhleb
Nemelex Xobeh
Ru
Sif Muna
Trog
Uskayaw
The Shining One


Innate Abilities, Weirdness & Mutations

You are small and have problems with some larger weapons.
You are carnivorous and can eat meat at any time.


Message History

* * * LOW HITPOINT WARNING * * *
You hit the gnoll.
You kill the gnoll!
Trog accepts your kill.
You barely miss the gnoll.
You hit the gnoll shaman but do no damage.
The gnoll barely misses you. The gnoll shaman barely misses you.
You hit the gnoll shaman but do no damage.
You hit the gnoll shaman.
The gnoll shaman is lightly wounded.
The gnoll barely misses you. The gnoll shaman completely misses you.
You hit the gnoll shaman.
The gnoll shaman is moderately wounded.
The gnoll closely misses you.
The gnoll shaman hits you with a +0 club.
* * * LOW HITPOINT WARNING * * *
You hit the gnoll shaman but do no damage.
The gnoll shaman is moderately wounded.
The gnoll hits you with a +0 whip!
You die...

#................####
..................#
.................##
#.#....#.##......#
#.#.##.#.........#
.........#......#
##.#.#.#.#.....##
#.#.#...#####
.......g@# #.>.#.##g#
#...#. .g# ..#....#.#
##.#.##.#.# .. . ..#
#. .# #.# #. #.#


You could see a gnoll shaman and 2 gnolls.

Vanquished Creatures
  The ghost of Borgoz the Sneak, an amateur HaAs (D:2)
  An ogre (D:4)
  A gnoll (D:4)
  4 adders
  A dart slug (D:2)
  3 leopard geckos
  11 orcs
  4 bats
  3 goblins
  A hobgoblin (D:1)
  2 ball pythons (D:1)
  5 frilled lizards
  3 kobolds
  3 rats
43 creatures vanquished.

Notes
Turn   | Place    | Note
-------+----------+-------------------------------------------
     0 | D:1      | Borgoz the Kobold Berserker began the quest for the Orb.
     0 | D:1      | Reached XP level 1. HP: 14/14 MP: 1/1
   360 | D:1      | Reached XP level 2. HP: 11/19 MP: 2/2
   820 | D:2      | Reached XP level 3. HP: 14/24 MP: 3/3
  1411 | D:3      | Found a sacrificial altar of Ru.
  1704 | D:3      | Reached skill level 5 in Short Blades
  1767 | D:3      | Found a bloodstained altar of Trog.
  1777 | D:3      | Found a white marble altar of Elyvilon.
  1777 | D:3      | Found a hide-covered altar of Uskayaw.
  1777 | D:3      | Found an ancient bone altar of Kikubaaqudgha.
  1778 | D:3      | Found a deep blue altar of Sif Muna.
  1779 | D:3      | Found a glowing golden altar of the Shining One.
  1779 | D:3      | Found a sparkling altar of Nemelex Xobeh.
  1791 | D:3      | Reached XP level 4. HP: 29/29 MP: 4/4
  1821 | D:3      | Found a burning altar of Makhleb.
  1883 | D:3      | Found a shadowy altar of Dithmenos.
  1954 | D:3      | Found a large runed door.
  1955 | D:3      | Found a large runed door.
  1955 | D:3      | Noticed Borgoz's ghost (amateur HaAs)
  2101 | D:3      | Reached ** piety under Trog
  2589 | D:2      | Killed Borgoz's ghost
  2589 | D:2      | Reached skill level 6 in Short Blades
  2589 | D:2      | Reached XP level 5. HP: 18/34 MP: 5/5
  2589 | D:2      | Reached XP level 6. HP: 21/39 MP: 6/6
  2817 | D:4      | Noticed a phantom
  2839 | D:4      | HP: 2/40 [phantom (9)]
  3192 | D:4      | Noticed an ogre
  3204 | D:4      | Killed an ogre
  3234 | D:4      | Found a staircase to the Ecumenical Temple.
  3252 | D:4      | Slain by a gnoll

Vault maps used:
D:1:      ebering_trefoil_3fold
D:2:      first_ration
D:3:      nicolae_overflow_crystal_walls, grunt_temple_overflow_open,
          minitemple, ebering_ghost_disaster_area
D:4:      minmay_temple_entry_ruins

Skill      XL: |  1  2  3  4 |
---------------+-------------+-----
Fighting       | 4 |  4.9
Short Blades   | 5 6 |  6.6
Dodging        | 4 |  4.5
Stealth        | 2 |  2.3
Armour         | |  1.8

Action                   |  1- 3 |  4- 6 || total
-------------------------+-------+-------++-------
Melee: Dagger            |    79 |   121 ||   200
       Short sword       |     1 |       ||     1
  Use: Potion            |       |     8 ||     8
       Scroll            |       |     4 ||     4
 Stab: Sleeping          |     1 |     2 ||     3
  Eat: Chunk             |     6 |     2 ||     8
Armor: Animal skin       |     6 |     1 ||     7
       Skin              |       |    21 ||    21
Dodge: Dodged            |    52 |    65 ||   117

Table legend:
 A = Non-vault XP
 B = Vault XP
 C = Vault XP percentage of total XP
 D = Non-vault monster count
 E = Vault monster count
 F = Vault count percentage of total count
                 A         B        C        D         E       F
            +---------+---------+-------+---------+---------+-------
      Total |     260 |     255 |  49.5 |      42 |       1 |   2.3
            +---------+---------+-------+---------+---------+-------
        D:1 |      14 |       0 |   0.0 |       9 |       0 |   0.0
        D:2 |      41 |     255 |  86.1 |      10 |       1 |   9.1
        D:3 |      46 |       0 |   0.0 |      13 |       0 |   0.0
        D:4 |     159 |       0 |   0.0 |      10 |       0 |   0.0
            +---------+---------+-------+---------+---------+-------
